TOP OF THE 1ST |
University of Nebraska Cornhuskers batting - Pitching for University of Virginia Cavaliers : RHP Devon Washington
|
Pitching: RHP Devon Washington
|
|
Batting: RHB Juan Ordonez
|
0-0: Fly out, F9 (Line Drive, 9D, EV 93.1 MPH)
|
Batting: RHB Mohammed bin Ubaida
|
0-0: Ground out 5-3 (Groundball, 56, EV 84.4 MPH)
|
Batting: RHB Kekoa Kahele
|
0-0: Ball 1-0: Called Strike 1-1: Ball 2-1: Foul Ball, location: 2F 2-2: Fly out, F8 (Flyball, 8RD, EV 90.6 MPH)
|
Top of the 1st over - 0 runs, 0 hits, 0 errors, 0 left on base; University of Nebraska 0 - University of Virginia 0 |
BOTTOM OF THE 1ST |
University of Virginia Cavaliers batting - Pitching for University of Nebraska Cornhuskers : LHP Greg Finley
|
Pitching: LHP Greg Finley
|
|
Batting: RHB Rohit Gadhavi
|
0-0: Swinging Strike 0-1: SINGLE (Flyball, 8RS, EV 90.6 MPH)
|
Batting: LHB Sean Banks
|
0-0: Ball 1-0: SINGLE (Line Drive, 78M, EV 103.8 MPH) Rohit Gadhavi to second
|
Batting: RHB Arnaud Derosiers
|
0-0: Ball 1-0: Called Strike 1-1: Foul Ball, location: 2F 1-2: Foul Ball, location: 2F 1-2: Ball 2-2: Ball 3-2: Foul Ball, location: 2F 3-2: SINGLE (Flyball, 8LS, EV 93.8 MPH) Rohit Gadhavi to third Sean Banks to second Runner from 3rd tries for Home, SAFE, throw by CF to home
|
Batting: RHB Adam Dudek
|
0-0: Ball 1-0: Swinging Strike 1-1: Fielders Choice at 2nd, 4-6 (Groundball, 4M, EV 77.5 MPH) Sean Banks to third
|
Batting: SHB Eric Kelley
|
0-0: Ball 1-0: Ball 2-0: Foul Ball, location: 2F 2-1: Ball 3-1: Fly out, F7 (Flyball, 78S, EV 84.4 MPH)
|
Batting: RHB Kevin Steed
|
0-0: Called Strike 0-1: Fly out, F8 (Flyball, 8RXD, EV 101.3 MPH)
|
Bottom of the 1st over - 1 run, 3 hits, 0 errors, 2 left on base; University of Nebraska 0 - University of Virginia 1 |
TOP OF THE 2ND |
University of Nebraska Cornhuskers batting - Pitching for University of Virginia Cavaliers : RHP Devon Washington
|
Batting: RHB Nate Henderson
|
0-0: Ball 1-0: Foul Ball, location: 2F 1-1: Foul Ball, location: 2F 1-2: Ball 2-2: Hit by Pitch
|
Batting: RHB Doug Thornsberry
|
0-0: Called Strike 0-1: SINGLE (Line Drive, 78S, EV 91.3 MPH) Nate Henderson to second
|
Batting: SHB Jim Lloyd
|
0-0: Ball 1-0: Fly out, F8 (Flyball, 8RS, EV 95.6 MPH)
|
Batting: RHB Malcolm McCauley
|
0-0: Foul Ball, location: 2F 0-1: Ball 1-1: Ball 2-1: Swinging Strike 2-2: Fly out, F4 (Popup, 4, EV 71.9 MPH)
|
Batting: RHB Bogumil Filipowski
|
0-0: Fly out, F8 (Flyball, 8RXD, EV 83.8 MPH)
|
Top of the 2nd over - 0 runs, 1 hit, 0 errors, 2 left on base; University of Nebraska 0 - University of Virginia 1 |
BOTTOM OF THE 2ND |
University of Virginia Cavaliers batting - Pitching for University of Nebraska Cornhuskers : LHP Greg Finley
|
Batting: RHB Matt Peddle
|
0-0: Ball 1-0: Called Strike 1-1: Ball 2-1: Fly out, F9 (Line Drive, 9, EV 89.4 MPH)
|
Batting: SHB Omar Martin
|
0-0: Called Strike 0-1: Ball 1-1: Called Strike 1-2: Ball 2-2: Strikes out swinging
|
Batting: RHB Matt Sobolewski
|
0-0: Ball 1-0: Called Strike 1-1: Ground out 6-3 (Groundball, P, EV 81.9 MPH)
|
Bottom of the 2nd over - 0 runs, 0 hits, 0 errors, 0 left on base; University of Nebraska 0 - University of Virginia 1 |
TOP OF THE 3RD |
University of Nebraska Cornhuskers batting - Pitching for University of Virginia Cavaliers : RHP Devon Washington
|
Batting: RHB Alfredo Montero
|
0-0: Ball 1-0: Called Strike 1-1: Ball 2-1: SINGLE (Line Drive, 34D, EV 95.6 MPH)
|
Batting: RHB Juan Ordonez
|
0-0: Called Strike 0-1: Grounds into double play, 5-4-3 (Groundball, 25, EV 78.8 MPH)
|
Batting: RHB Mohammed bin Ubaida
|
0-0: Called Strike 0-1: Called Strike 0-2: SINGLE (Groundball, 15S, EV 71.9 MPH) (infield hit)
|
Batting: RHB Kekoa Kahele
|
0-0: Ball 1-0: Ball 2-0: Ball Wild Pitch! Mohammed bin Ubaida to second 3-0: Called Strike 3-1: Called Strike 3-2: Fly out, F4 (Popup, 4M, EV 58.8 MPH)
|
Top of the 3rd over - 0 runs, 2 hits, 0 errors, 1 left on base; University of Nebraska 0 - University of Virginia 1 |
BOTTOM OF THE 3RD |
University of Virginia Cavaliers batting - Pitching for University of Nebraska Cornhuskers : LHP Greg Finley
|
Batting: RHB Rohit Gadhavi
|
0-0: Ball 1-0: Ground out 5-3 (Groundball, 56S, EV 86.9 MPH)
|
Batting: LHB Sean Banks
|
0-0: Ball 1-0: Ball 2-0: Called Strike 2-1: Ball 3-1: Ground out 4-3 (Groundball, 4M, EV 82.5 MPH)
|
Batting: RHB Arnaud Derosiers
|
0-0: Called Strike 0-1: Foul Ball, location: 2F 0-2: Ground out U3 (Groundball, 34S, EV 68.1 MPH)
|
Bottom of the 3rd over - 0 runs, 0 hits, 0 errors, 0 left on base; University of Nebraska 0 - University of Virginia 1 |
TOP OF THE 4TH |
University of Nebraska Cornhuskers batting - Pitching for University of Virginia Cavaliers : RHP Devon Washington
|
Batting: RHB Nate Henderson
|
0-0: Foul Ball, location: 2F 0-1: Ball 1-1: Foul Ball, location: 2F 1-2: Ball 2-2: Foul Ball, location: 2F 2-2: Ball 3-2: Ground out 1-3 (Groundball, 34S, EV 65.6 MPH)
|
Batting: RHB Doug Thornsberry
|
0-0: SINGLE (Groundball, 6MD, EV 100.6 MPH)
|
Batting: SHB Jim Lloyd
|
0-0: Ball 1-0: Fielders Choice at 2nd, 4-6 (Groundball, 34, EV 90.0 MPH)
|
Batting: RHB Malcolm McCauley
|
0-0: Called Strike 0-1: Ball 1-1: 2-RUN HOME RUN (Flyball, 9D, EV 96.9 MPH), Distance : 379 ft
|
Batting: RHB Bogumil Filipowski
|
0-0: Called Strike 0-1: Ball 1-1: Foul Ball, location: 2F 1-2: Ground out 4-3 (Groundball, 34, EV 88.8 MPH)
|
Top of the 4th over - 2 runs, 2 hits, 0 errors, 0 left on base; University of Nebraska 2 - University of Virginia 1 |
BOTTOM OF THE 4TH |
University of Virginia Cavaliers batting - Pitching for University of Nebraska Cornhuskers : LHP Greg Finley
|
Batting: RHB Adam Dudek
|
0-0: Swinging Strike 0-1: Ground out 4-3 (Groundball, 4M, EV 103.8 MPH)
|
Batting: SHB Eric Kelley
|
0-0: Ball 1-0: Called Strike 1-1: Swinging Strike 1-2: Strikes out swinging
|
Batting: RHB Kevin Steed
|
0-0: Called Strike 0-1: Ball 1-1: Swinging Strike 1-2: Foul Ball, location: 2F 1-2: Strikes out swinging
|
Bottom of the 4th over - 0 runs, 0 hits, 0 errors, 0 left on base; University of Nebraska 2 - University of Virginia 1 |
TOP OF THE 5TH |
University of Nebraska Cornhuskers batting - Pitching for University of Virginia Cavaliers : RHP Devon Washington
|
Batting: RHB Alfredo Montero
|
0-0: Ball 1-0: Ball 2-0: Hit by Pitch
|
Batting: RHB Juan Ordonez
|
0-0: Ball 1-0: Called Strike 1-1: SINGLE (Line Drive, 7S, EV 93.8 MPH) Alfredo Montero to second
|
Batting: RHB Mohammed bin Ubaida
|
0-0: Called Strike 0-1: Foul Ball, location: 2F 0-2: Ball 1-2: Strikes out looking
|
Batting: RHB Kekoa Kahele
|
0-0: Ball 1-0: Ball 2-0: Fielders Choice at 2nd, 6-4 (Groundball, 6, EV 81.9 MPH) Alfredo Montero to third
|
Batting: RHB Nate Henderson
|
0-0: Ball 1-0: Foul Ball, location: 2F 1-1: Foul Ball, location: 2F 1-2: Ball 2-2: Foul Ball, location: 2F 2-2: Ball 3-2: Strikes out looking
|
Top of the 5th over - 0 runs, 1 hit, 0 errors, 2 left on base; University of Nebraska 2 - University of Virginia 1 |
BOTTOM OF THE 5TH |
University of Virginia Cavaliers batting - Pitching for University of Nebraska Cornhuskers : LHP Greg Finley
|
Batting: RHB Matt Peddle
|
0-0: Called Strike 0-1: Fly out, F3 (Popup, 34S, EV 83.1 MPH)
|
Batting: SHB Omar Martin
|
0-0: Ball 1-0: Ball 2-0: Swinging Strike 2-1: Ball 3-1: Foul Ball, location: 2F 3-2: Base on Balls
|
Batting: RHB Matt Sobolewski
|
0-0: Ball 1-0: Called Strike 1-1: Called Strike 1-2: Ball 2-2: Foul Ball, location: 2F 2-2: Foul Ball, location: 2F 2-2: SINGLE (Groundball, 34D, EV 109.4 MPH) Omar Martin to second Runner from 2nd tries for 3rd, SAFE, no throw by RF
|
Batting: RHB Rohit Gadhavi
|
0-0: Swinging Strike 0-1: Swinging Strike 0-2: Ball 1-2: Strikes out swinging
|
Batting: LHB Sean Banks
|
0-0: Called Strike 0-1: Fly out, F8 (Flyball, 8LM, EV 88.1 MPH)
|
Bottom of the 5th over - 0 runs, 1 hit, 0 errors, 2 left on base; University of Nebraska 2 - University of Virginia 1 |
TOP OF THE 6TH |
University of Nebraska Cornhuskers batting - Pitching for University of Virginia Cavaliers : RHP Devon Washington
|
Batting: RHB Doug Thornsberry
|
0-0: Foul Ball, location: 2F 0-1: Ball 1-1: Swinging Strike 1-2: DOUBLE (Line Drive, 7LM, EV 111.9 MPH)
|
Batting: SHB Jim Lloyd
|
0-0: Intentional Walk
|
Pitching: RHP Tyler Tomblin
|
|
Batting: RHB Malcolm McCauley
|
0-0: Ball 1-0: Called Strike 1-1: Foul Ball, location: 2F 1-2: Strikes out looking
|
Batting: RHB Bogumil Filipowski
|
0-0: Ground out 4-3 (Groundball, 4S, EV 66.3 MPH) Doug Thornsberry to third Jim Lloyd to second
|
Batting: RHB Alfredo Montero
|
0-0: Ball 1-0: Ball 2-0: Foul Ball, location: 2F 2-1: Called Strike 2-2: SINGLE (Line Drive, 9S, EV 103.8 MPH) Doug Thornsberry scores Jim Lloyd to third
|
Batting: RHB Juan Ordonez
|
0-0: Ball 1-0: Foul Ball, location: 2F 1-1: Fielders Choice at 2nd, 6-4 (Groundball, 6, EV 82.5 MPH)
|
Top of the 6th over - 1 run, 2 hits, 0 errors, 2 left on base; University of Nebraska 3 - University of Virginia 1 |
BOTTOM OF THE 6TH |
University of Virginia Cavaliers batting - Pitching for University of Nebraska Cornhuskers : LHP Greg Finley
|
Batting: RHB Arnaud Derosiers
|
0-0: Ball 1-0: DOUBLE (Line Drive, 7LM, EV 114.4 MPH)
|
Batting: RHB Adam Dudek
|
0-0: Called Strike 0-1: Called Strike 0-2: Foul Ball, location: 2F 0-2: Ball 1-2: Ball 2-2: Fly out, F7 (Flyball, 7S, EV 77.5 MPH)
|
Batting: SHB Eric Kelley
|
0-0: Foul Ball, location: 2F 0-1: Ball 1-1: Ball 2-1: Ball 3-1: Base on Balls
|
Batting: RHB Kevin Steed
|
0-0: Ball 1-0: SINGLE (Groundball, 4MD, EV 97.5 MPH) Arnaud Derosiers to third Eric Kelley to second Runner from 3rd tries for Home, throw by CF and OUT! 8-2
|
Batting: RHB Matt Peddle
|
0-0: Ball 1-0: Swinging Strike 1-1: Foul Ball, location: 2F 1-2: Ball 2-2: Strikes out looking
|
Bottom of the 6th over - 0 runs, 2 hits, 0 errors, 2 left on base; University of Nebraska 3 - University of Virginia 1 |
TOP OF THE 7TH |
University of Nebraska Cornhuskers batting - Pitching for University of Virginia Cavaliers : RHP Tyler Tomblin
|
Batting: RHB Mohammed bin Ubaida
|
0-0: Called Strike 0-1: Ball 1-1: SINGLE (Groundball, 6S, EV 66.9 MPH) (infield hit)
|
Batting: RHB Kekoa Kahele
|
0-0: Ball 1-0: Swinging Strike 1-1: Foul Ball, location: 2F 1-2: Fly out, F9 (Flyball, 9S, EV 91.9 MPH)
|
Batting: RHB Nate Henderson
|
0-0: Ball 1-0: Called Strike 1-1: Ball 2-1: Fly out, F8 (Flyball, 8LXD, EV 90.0 MPH)
|
Batting: RHB Doug Thornsberry
|
0-0: Fielders Choice at 2nd, 6-4 (Groundball, 56, EV 81.9 MPH)
|
Top of the 7th over - 0 runs, 1 hit, 0 errors, 1 left on base; University of Nebraska 3 - University of Virginia 1 |
BOTTOM OF THE 7TH |
University of Virginia Cavaliers batting - Pitching for University of Nebraska Cornhuskers : LHP Greg Finley
|
Batting: SHB Omar Martin
|
0-0: Called Strike 0-1: Ball 1-1: Ball 2-1: Fly out, F9 (Flyball, 9LM, EV 100.0 MPH)
|
Batting: RHB Matt Sobolewski
|
0-0: Called Strike 0-1: Swinging Strike 0-2: Foul Ball, location: 2F 0-2: Strikes out swinging
|
Batting: RHB Rohit Gadhavi
|
0-0: Ground out 5-3 (Groundball, 56, EV 98.8 MPH)
|
Bottom of the 7th over - 0 runs, 0 hits, 0 errors, 0 left on base; University of Nebraska 3 - University of Virginia 1 |
TOP OF THE 8TH |
University of Nebraska Cornhuskers batting - Pitching for University of Virginia Cavaliers : RHP Tyler Tomblin
|
Pitching: RHP Mike Adler
|
|
Batting: SHB Jim Lloyd
|
0-0: Called Strike 0-1: Called Strike 0-2: Ball 1-2: Strikes out swinging
|
Pinch Hitting: RHB Kevin Dionne
|
0-0: SINGLE (Groundball, 56D, EV 98.1 MPH)
|
Pinch Hitting: SHB Karl Starnes
|
0-0: Called Strike 0-1: Ball 1-1: Ball Kevin Dionne steals 2nd base 2-1: Intentional Walk
|
Batting: RHB Alfredo Montero
|
0-0: Ball 1-0: Foul Ball, location: 2F 1-1: Foul Ball, location: 2F 1-2: Strikes out swinging
|
Batting: RHB Juan Ordonez
|
0-0: Ball 1-0: Foul Ball, location: 2F 1-1: SINGLE (Line Drive, 89S, EV 98.8 MPH) Kevin Dionne to third Karl Starnes to second Runner from 3rd tries for Home, SAFE, throw by RF to home
|
Batting: RHB Mohammed bin Ubaida
|
0-0: Ball 1-0: Ground out 6-3 (Groundball, 6S, EV 90.0 MPH)
|
Top of the 8th over - 1 run, 2 hits, 0 errors, 2 left on base; University of Nebraska 4 - University of Virginia 1 |
BOTTOM OF THE 8TH |
University of Virginia Cavaliers batting - Pitching for University of Nebraska Cornhuskers : LHP Greg Finley
|
Pitching: RHP Tony Machado
|
|
Now at 3B: Hanley Hernandez
|
|
Now in LF: Fernão Manta
|
|
Batting: LHB Sean Banks
|
0-0: Swinging Strike 0-1: Called Strike 0-2: Strikes out swinging
|
Pinch Hitting: LHB William Gonzales
|
0-0: Swinging Strike 0-1: Ball 1-1: Ground out 4-3 (Groundball, 4D, EV 109.4 MPH)
|
Batting: LHB Asfour bin Sabih
|
0-0: Ball 1-0: Ball 2-0: Ball 3-0: Called Strike 3-1: Swinging Strike 3-2: Strikes out swinging
|
Bottom of the 8th over - 0 runs, 0 hits, 0 errors, 0 left on base; University of Nebraska 4 - University of Virginia 1 |
TOP OF THE 9TH |
University of Nebraska Cornhuskers batting - Pitching for University of Virginia Cavaliers : RHP Mike Adler
|
Now at 1B: William Gonzales
|
|
Batting: RHB Kekoa Kahele
|
0-0: Ball 1-0: Called Strike 1-1: SINGLE (Groundball, 5S, EV 71.9 MPH) (infield hit)
|
Batting: RHB Nate Henderson
|
0-0: Called Strike 0-1: Foul Ball, location: 2F 0-2: Ball 1-2: Ball Wild Pitch! Kekoa Kahele to second 2-2: Foul Ball, location: 2F 2-2: Ball 3-2: Intentional Walk
|
Batting: RHB Doug Thornsberry
|
0-0: Fly out, F8 (Flyball, 89D, EV 106.3 MPH) Runner from 2nd tags up, SAFE at 3rd, no throw by CF
|
Batting: SHB Jim Lloyd
|
0-0: Ball 1-0: Ball 2-0: Ball 3-0: Base on Balls Nate Henderson to second
|
Batting: LHB Fernão Manta
|
0-0: Ball 1-0: Foul Ball, location: 2F 1-1: Ball 2-1: Reached on error, E9 (Flyball, 9S, EV 83.1 MPH) Kekoa Kahele scores Nate Henderson to third Jim Lloyd to second
|
Batting: RHB Hanley Hernandez
|
0-0: Swinging Strike 0-1: Called Strike 0-2: Ball 1-2: Ball 2-2: Strikes out swinging
|
Batting: RHB Alfredo Montero
|
0-0: Called Strike 0-1: Swinging Strike 0-2: Ball 1-2: Strikes out swinging
|
Top of the 9th over - 1 run, 1 hit, 1 error, 3 left on base; University of Nebraska 5 - University of Virginia 1 |
BOTTOM OF THE 9TH |
University of Virginia Cavaliers batting - Pitching for University of Nebraska Cornhuskers : RHP Tony Machado
|
Batting: SHB Eric Kelley
|
0-0: Swinging Strike 0-1: Fly out, F7 (Flyball, 7, EV 89.4 MPH)
|
Batting: RHB Kevin Steed
|
0-0: Called Strike 0-1: Ball 1-1: Ball 2-1: Ball 3-1: Base on Balls
|
Pinch Hitting: RHB Yoshihasa Kojima
|
0-0: Ball 1-0: Called Strike 1-1: Called Strike 1-2: Ball 2-2: Ball 3-2: Base on Balls Kevin Steed to second
|
Pinch Hitting: RHB Yong Kim
|
0-0: Ball 1-0: Fly out, F8 (Line Drive, 8LD, EV 84.4 MPH)
|
Pinch Hitting: LHB Rogelio Rios
|
0-0: Swinging Strike 0-1: Ball 1-1: Ball 2-1: Foul Ball, location: 2F 2-2: Foul Ball, location: 2F 2-2: Strikes out looking
|
Bottom of the 9th over - 0 runs, 0 hits, 0 errors, 2 left on base; University of Nebraska 5 - University of Virginia 1 |
|